 Dungeon Crawl Stone Soup version 0.21.1-1-g345015f (webtiles) character file.

30 sking99 the Grave Robber (level 3, 27/28 HPs)
             Began as a Deep Dwarf Necromancer on June 26, 2018.
             Quit the game on level 1 of the Dungeon.
             The game lasted 00:05:24 (861 turns).

sking99 the Grave Robber (Deep Dwarf Necromancer)    Turns: 861, Time: 00:05:25

Health: 27/28      AC:  2    Str: 11    XL:     3   Next: 3%
Magic:  1/4        EV: 12    Int: 16    God:
Gold:   38         SH:  0    Dex: 13    Spells: 0/5 levels left

rFire    . . .     SeeInvis .   e - -2 hunting sling (curse)
rCold    . . .     Gourm    .   (no shield)
rNeg     . . .     Faith    .   a - +0 robe
rPois    .         Spirit   .   (no helmet)
rElec    .         Reflect  .   (no cloak)
rCorr    .         Harm     .   (no gloves)
MR       .....                  (no boots)
Stlth    ++........             (no amulet)
HPRegen  0.00/turn              (no ring)
MPRegen  0.09/turn              (no ring)

@: very slightly contaminated, non-regenerating
A: damage resistance, heal wounds, sense surroundings 1, no regeneration
a: Heal Wounds


You were on level 1 of the Dungeon.
You were not hungry.

You visited 1 branch of the dungeon, and saw 1 of its levels.

You collected 38 gold pieces.

Inventory:

Hand Weapons
 e - a cursed -2 hunting sling (weapon)
Missiles
 f - 33 stones (quivered)
Armour
 a - a +0 robe (worn)
Books
 b - a book of Necromancy

   Spells                             Type                      Level
   a - Pain                           Necromancy                   1
   b - Animate Skeleton               Necromancy                   1
   c - Vampiric Draining              Necromancy                   3
   d - Regeneration                   Charms/Necromancy            3
   e - Animate Dead                   Necromancy                   4
   f - Borgnjor's Vile Clutch         Necromancy/Earth             5
Comestibles
 c - 2 rations
 d - 3 chunks of flesh


   Skills:
 - Level 2.2 Dodging
 - Level 2.4 Stealth
 + Level 0.1 Unarmed Combat
 + Level 1.9 Spellcasting
 * Level 5.3 Necromancy


You couldn't memorise any spells.
You knew the following spells:

 Your Spells              Type           Power        Failure   Level  Hunger
a - Vampiric Draining     Necr           ###.......   7%          3    ###....
b - Animate Skeleton      Necr           N/A          2%          1    #......
c - Pain                  Necr           ###.         2%          1    #......


Dungeon Overview and Level Annotations

Branches:
Dungeon (1/15)

Altars:


Innate Abilities, Weirdness & Mutations

You are resistant to damage.
You can heal yourself by infusing magical energy.
You passively map a small area around you.
You do not regenerate.


Message History

You are very lightly contaminated with residual magic.
The world around you seems to dim momentarily.
The bat hits you but does no damage.
Casting: Vampiric Draining
Confirm with . or Enter, or press ? or * to list all spells.
You don't have enough magic to cast that spell.
Unknown command.
You barely miss the bat. The bat hits you. The bat hits you but does no damage.
The bat closely misses you.
You barely miss the bat. The bat barely misses you.
The bat completely misses you.
You barely miss the bat. The bat misses you.
The bat hits you but does no damage. The bat misses you.
The bat hits you but does no damage.
You barely miss the bat. The bat closely misses you. The bat misses you.
The bat barely misses you. The bat closely misses you.
The bat closely misses you.
Okay, then.
Are you sure you want to abandon this character and quit the game? (Confirm with "yes".)

* * * * ##### * *
*** ....# * * *
....##############
* * *
....'.....Z>.....#
....#######.##.#.#
# * ....#
#.##.#.#.# * ..###
#.##.#@Z.# ..#
#.##.#b### ..#
#.##...., , , ..#
#.##.#.## * ..#
#.##.#.# ..# #.#.#
..# .#* #.#
..#########.####.#
...............


You could see a bat and a friendly bat skeleton.

Vanquished Creatures
  An ooze (D:1)
  2 goblins (D:1)
  2 hobgoblins (D:1)
  3 jackals (D:1)
  5 bats (D:1)
  A frilled lizard (D:1)
  2 kobolds (D:1)
  2 rats (D:1)
18 creatures vanquished.

Vanquished Creatures (collateral kills)
  2 giant cockroaches (D:1)
  2 goblins (D:1)
  A jackal (D:1)
  A ball python (D:1)
  A rat (D:1)
7 creatures vanquished.

Grand Total: 25 creatures vanquished

Notes
Turn   | Place    | Note
-------+----------+-------------------------------------------
     0 | D:1      | sking99 the Deep Dwarf Necromancer began the quest for the Orb.
     0 | D:1      | Reached XP level 1. HP: 15/15 MP: 3/3
   104 | D:1      | Reached XP level 2. HP: 22/22 MP: 0/3
   219 | D:1      | Reached skill level 5 in Necromancy
   271 | D:1      | Learned a level 1 spell: Animate Skeleton
   665 | D:1      | Reached XP level 3. HP: 26/28 MP: 1/4
   711 | D:1      | Learned a level 3 spell: Vampiric Draining
   861 | D:1      | Quit the game

Skill      XL: |  1  2 |
---------------+-------+-----
Necromancy     | 5 |  5.3
Dodging        | |  2.2
Stealth        | |  2.4
Unarmed Combat | |  0.1
Spellcasting   | |  1.9

Action                   || total
-------------------------++-------
Melee: Unarmed           ||    32
       Hunting sling     ||    46
 Fire: Hunting sling     ||     1
 Cast: Pain              ||    37
       Animate Skeleton  ||     6
       Vampiric Draining ||     1
 Abil: Heal Wounds       ||     2
  Eat: Chunk             ||     1
Armor: Robe              ||    34
Dodge: Dodged            ||   104
